AoeStats
← Comend x comend

Arena

506039554Analyzed
3v3 RM · 21d ago on Sep 12, 2026· 42m 43s· 6 players
Game mode
Random Map
Map size
Normal (6 player)
Population
200
Speed
Normal
Resources
Standard
Victory
Conquest
Starting age
Dark Age
Ending age
Imperial Age
RankedLock teamsTeams togetherTeam positionsShared explorationLock speedFull tech treeHidden civsTurbo modeCheats
Victory
Defeat
🇺🇸 Britons · United States
1394
+14
🇵🇪 Turks · Peru
1304
+18
🇧🇷 Cumans · Brazil
1281
+19
🇨🇦 Britons · Canada
1351
-17
🇺🇸 Bohemians · United States
1343
-17
🇺🇸 Spanish · United States
1342
-17
Paparoni
11:20 Feudal Age
11:01 Loom
16:46 Castle Age
16:03 Double-Bit Axe
16:05 Horse Collar
18:23 Bow Saw
18:16 Heavy Plow
22:40 Fletching
23:24 Bodkin Arrow
27:49 Yeomen
29:44 Padded Archer Armor
30:29 Ballistics
33:22 Gold Mining
34:41 Gold Shaft Mining
38:01 Imperial Age
38:09 Elite Longbowman
39:07 Bracer
39:23 Leather Archer Armor
41:49 Chemistry
3feng_2026
10:41 Feudal Age
11:41 Double-Bit Axe
14:26 Castle Age
12:13 Horse Collar
16:12 Bow Saw
21:59 Wheelbarrow
21:42 Loom
23:14 Scale Barding Armor
23:35 Husbandry
24:51 Bloodlines
26:00 Padded Archer Armor
27:06 Gold Mining
27:07 Stone Mining
31:13 Imperial Age
29:58 Stone Shaft Mining
29:24 Heavy Plow
30:03 Leather Archer Armor
31:18 Cavalier
32:15 Scale Barding Armor
32:21 Forging
33:56 Chain Barding Armor
38:28 Plate Barding Armor
38:30 Iron Casting
38:18 Light Cavalry
39:05 Hussar
Libra
11:50 Feudal Age
15:21 Castle Age
13:30 Double-Bit Axe
14:04 Horse Collar
16:46 Bow Saw
20:10 Loom
28:02 Fletching
39:41 Imperial Age
39:39 Chemistry
40:35 Bodkin Arrow
40:35 Capped Ram
petarded
9:59 Feudal Age
11:40 Loom
14:26 Castle Age
13:25 Double-Bit Axe
13:45 Horse Collar
19:03 Fletching
23:39 Bow Saw
30:19 Ballistics
32:09 Yeomen
36:27 Wheelbarrow
38:51 Imperial Age
36:09 Town Watch
36:27 Heavy Plow
36:19 Stone Mining
36:19 Gold Mining
38:33 Pikeman
39:01 Elite Longbowman
40:02 Conscription
Comend x comend
11:51 Feudal Age
15:44 Castle Age
20:24 Imperial Age
Vhl.FalconKing
3:41 Loom
3:51 Loom
8:56 Feudal Age
9:36 Double-Bit Axe
9:56 Horse Collar
20:04 Castle Age
18:47 Gold Mining
21:11 Bow Saw
22:39 Wheelbarrow
23:00 Heavy Plow
27:27 Imperial Age
25:20 Forging
25:17 Scale Barding Armor
27:00 Iron Casting
27:53 Chain Barding Armor
28:06 Hand Cart
28:13 Bloodlines
28:55 Gold Shaft Mining
28:34 Light Cavalry
28:46 Elite Steppe Lancer
31:48 Blast Furnace
32:22 Plate Barding Armor
34:02 Light Cavalry
35:59 Chemistry
37:49 Ballistics
38:02 Fletching
38:12 Padded Archer Armor
38:12 Elite Skirmisher
38:59 Thumb Ring
40:00 Bodkin Arrow
40:21 Leather Archer Armor
41:08 Two-Man Saw
40:39 Crop Rotation
42:41 Ring Archer Armor
Connection lost

Rejoining the realm…

Still unreachable

The connection could not be restored.

Session expired

The server has moved on; the page needs a fresh start.